 Dungeon Crawl Stone Soup version 0.21.1-1-g345015f (webtiles) character file.

30193 Lovchig the Severer (level 13, -6/118 HPs)
             Began as a Deep Dwarf Fighter on Apr 28, 2018.
             Was a High Priest of Makhleb.
             Killed from afar by a tengu reaver (49 damage)
             ... with a bolt of lightning
             ... on level 14 of the Dungeon on May 2, 2018.
             The game lasted 00:42:13 (10503 turns).

Lovchig the Severer (Deep Dwarf Fighter)           Turns: 10503, Time: 00:42:15

Health: -6/118     AC: 22    Str: 26    XL:     13   Next: 19%
Magic:  6/6        EV: 11    Int:  8    God:    Makhleb [*****.]
Gold:   1170       SH: 14    Dex: 12    Spells: 12/12 levels left

rFire    + . .     SeeInvis +   a - +1 war axe
rCold    . . .     Gourm    .   c - +1 shield
rNeg     . . .     Faith    .   l - +0 plate armour
rPois    +         Spirit   .   (helmet restricted)
rElec    .         Reflect  .   A - +2 cloak of the Neverending Seas {rPois rF+}
rCorr    .         Harm     +   i - +0 pair of gloves
MR       +....                  u - +0 pair of boots
Stlth    ..........             G - amulet of harm
HPRegen  0.00/turn              E - ring of see invisible
MPRegen  0.10/turn              (no ring)

@: lethally poisoned (-6 -> -6), non-regenerating
A: damage resistance, heal wounds, horns 1, icy blue scales 1, high mp 1, sense
surroundings 2, MP-powered wands, no regeneration
a: Heal Wounds, Minor Destruction, Lesser Servant of Makhleb, Major Destruction,
Greater Servant of Makhleb, Renounce Religion


You were on level 14 of the Dungeon.
You worshipped Makhleb.
Makhleb was extremely pleased with you.
You were not hungry.

You visited 2 branches of the dungeon, and saw 15 of its levels.
You visited the Abyss 1 time.
You also visited: Sewer.

You collected 1170 gold pieces.

Inventory:

Hand Weapons
 a - a +1 war axe (weapon)
 H - a +2 long sword of flaming
Armour
 c - a +1 shield (worn)
 g - a +0 helmet
 i - a +0 pair of gloves (worn)
 l - a +0 plate armour (worn)
 u - a +0 pair of boots (worn)
 A - the +2 cloak of the Neverending Seas (worn) {rPois rF+}
   (You found it on level 12 of the Dungeon)

   It protects you from fire.
   It protects you from poison.
Jewellery
 E - a ring of see invisible (left hand)
 G - an amulet of harm (around neck)
Wands
 p - a wand of flame (27)
 s - a wand of disintegration (21)
 x - a wand of polymorph (30)
 J - a wand of enslavement (20)
 N - a wand of scattershot (6)
Scrolls
 b - 2 scrolls of amnesia
 j - 2 scrolls of enchant weapon
 m - 3 scrolls of fear
 n - 5 scrolls of remove curse
 w - 2 scrolls of blinking
 y - 3 scrolls of magic mapping
 B - 5 scrolls of teleportation
 O - 2 scrolls of enchant armour
Potions
 d - 2 potions of might
 e - a potion of heal wounds
 h - 8 potions of curing
 k - a potion of brilliance
 o - 2 potions of ambrosia
 q - 2 potions of berserk rage
 r - 4 potions of agility
 t - 3 potions of lignification
 v - a potion of flight
 z - 3 potions of haste
 C - a potion of magic
 F - a potion of invisibility
 I - 2 potions of resistance
 K - a potion of cancellation
Books
 L - the Almanac of Frigorific Transformation
   (You found it on level 14 of the Dungeon)

   Spells                             Type                      Level
   a - Summon Ice Beast               Ice/Summoning                4
   b - Ice Form                       Ice/Transmutation            4
   c - Metabolic Englaciation         Hexes/Ice                    5
   d - Dragon Form                    Transmutation                7
Comestibles
 f - 29 rations
 D - 21 chunks of flesh


   Skills:
 * Level 8.6 Fighting
 * Level 15.0 Axes
 * Level 9.7 Armour
 * Level 8.4 Dodging
 * Level 11.9 Shields


You had 12 spell levels left.
You didn't know any spells.

Dungeon Overview and Level Annotations

Branches:
Dungeon (14/15)            Temple (1/1) D:6            Lair (0/6) D:11
    Orc (0/2) D:9          Vaults (0/5) D:13

Altars:
Cheibriados
Dithmenos
Elyvilon
Hepliaklqana
Kikubaaqudgha
Makhleb
Qazlal
Sif Muna
Trog
Uskayaw
Vehumet
Yredelemnul
The Shining One
Beogh

Shops:
D:9 [   D:12 *


Innate Abilities, Weirdness & Mutations

You are resistant to damage.
You can heal yourself by infusing magical energy.
You passively map the area around you.
You do not regenerate.
You have a pair of small horns on your head.
You are partially covered in icy blue scales. (AC +2)
You have an increased reservoir of magic. (+10% MP)
You expend magic power (3 MP) to strengthen your wands.


Message History

The killer bee stings you but does no damage.
You block the tengu reaver's attack. x2; The tengu reaver claws you.
You miss the tengu reaver.
The tengu reaver is heavily wounded.
You hit the killer bee but do no damage.
You block the killer bee's attack. The killer bee barely misses you.
The tengu reaver hits you with a dire flail of protection!
The tengu reaver pecks you but does no damage.
You block the tengu reaver's attack.
You miss the tengu reaver. Your headbutt misses the tengu reaver.
The tengu reaver is heavily wounded.
You hit the killer bee. The killer bee misses you.
A troll comes into view.
You hit the tengu reaver but do no damage.
The tengu reaver is heavily wounded.
You closely miss the killer bee.
The killer bee stings you but does no damage.
The tengu reaver gestures at you while chanting.
The bolt of lightning hits you!
You die... .....## , , ** ......## * ,T## * * .......### * yy . , .........## , *yyy y# , , .......^..##* #y#C , ..##†......### #yJZ

* , ,,, .#..#........###
y*###.. ,
#.##.#.........##Q##....,
* .###.#....#.##..@y...##
###.#....#.#[.#.....#.)#
* ###.#...#.#.##.#...#.#*
* , ,
.###.#...#.###.#...#.# ,*
, #.##.#..#.###.#.....# *
, , .#..#...#.###.#.....#
* ,
..##.....#.###.#...#.# ,
,, ,
.........#.###.#...#.# *
, .P......#.###.#.....#.
*,*,


You could see a fire giant, a tengu reaver, a slime creature, a troll, a meliai,
8 killer bees, a battlesphere and a centaur warrior zombie.

Vanquished Creatures
  2 vault guards (D:13)
  2 centaur warriors (D:14)
  A hydra (D:11)
  4 two-headed ogres
  A tengu warrior (D:12)
  A wizard (D:13)
  2 deep elf magi
  A necromancer (D:13)
  2 ugly things (D:14)
  3 cyclopes
  2 centaur zombies
  The ghost of protoss039 the Cleaver, a novice MiFi (D:4)
  A gargoyle (D:8)
  A centaur skeleton (D:14)
  A kobold demonologist (D:12)
  3 meliai (D:14)
  3 hornets
  2 hippogriffs
  A slime creature (D:13)
  A shadow (D:13)
  A vampire (D:14)
  A wraith (D:12)
  A wyvern (D:10)
  A large abomination (D:13)
  15 yaks
  19 humans (D:13)
  A basilisk (D:14)
  3 hungry ghosts
  3 water moccasins
  3 acid dragons
  Duvessa (D:5)
  8 orc warriors
  3 black bears
  Purgy (Sewer)
  6 sky beasts
  6 ice beasts
  A hornet zombie (D:10)
  2 phantoms
  8 ogres
  2 eyes of draining
  A necrophage (D:12)
  8 centaurs
  A crocodile (D:9)
  7 bullfrogs
  4 big kobolds
  Dowan (D:5)
  2 wyvern skeletons
  2 scorpions (D:8)
  32 killer bees
  9 wights
  6 howler monkeys
  5 crimson imps
  9 hounds
  A lava snake (D:10)
  2 bullfrog zombies
  A quasit (D:13)
  4 orc priests
  A gnoll shaman (D:8)
  5 jellies
  3 bullfrog skeletons
  8 iguanas
  8 orc wizards
  14 worker ants
  A worker ant zombie (D:10)
  2 hound skeletons (D:5)
  A howler monkey zombie (D:11)
  Robin (D:4)
  10 adders
  5 gnolls
  2 shadow imps
  8 oozes
  4 adder zombies
  An adder skeleton (D:8)
  4 worms
  2 dart slugs (D:1)
  9 leopard geckos
  37 orcs
  2 ball pythons (D:1)
  11 giant cockroaches
  16 goblins
  11 hobgoblins
  22 jackals
  3 quokkas
  7 bats
  6 frilled lizards
  26 kobolds
  2 leopard gecko zombies (D:5)
  A quokka skeleton (D:8)
  A quokka zombie (D:10)
  5 rats
455 creatures vanquished.

Vanquished Creatures (others)
  A cyclops (D:14)
  A tengu conjurer (D:13)
  An orc wizard (D:3)
3 creatures vanquished.

Grand Total: 458 creatures vanquished

Notes
Turn   | Place    | Note
-------+----------+-------------------------------------------
     0 | D:1      | Lovchig the Deep Dwarf Fighter began the quest for the Orb.
     0 | D:1      | Reached XP level 1. HP: 20/20 MP: 1/1
   177 | D:1      | Reached XP level 2. HP: 25/27 MP: 2/2
   596 | D:1      | Reached XP level 3. HP: 31/33 MP: 3/3
   755 | D:2      | Reached skill level 1 in Dodging
   888 | D:2      | Reached skill level 3 in Axes
   949 | D:2      | Reached XP level 4. HP: 31/42 MP: 4/4
   998 | D:2      | Found an ancient bone altar of Kikubaaqudgha.
  1005 | D:2      | Found a hide-covered altar of Uskayaw.
  1673 | D:3      | HP: 2/42 [something/puff of frost (10)]
  1697 | D:3      | Reached XP level 5. HP: 24/49 MP: 5/5
  1705 | D:3      | Reached skill level 4 in Axes
  2430 | D:4      | Noticed Robin
  2446 | D:4      | Killed Robin
  2512 | D:4      | Reached XP level 6. HP: 31/56 MP: 6/6
  2569 | D:4      | Reached skill level 5 in Axes
  2664 | D:4      | Found a glowing drain.
  2695 | Sewer    | Entered a sewer
  2810 | Sewer    | Noticed Purgy
  2818 | Sewer    | Killed Purgy
  2818 | Sewer    | Reached XP level 7. HP: 24/63 MP: 7/7
  2898 | D:4      | Reached skill level 6 in Axes
  2957 | D:4      | Noticed protoss039's ghost (novice MiFi)
  2972 | D:4      | Killed protoss039's ghost
  2972 | D:4      | Reached skill level 5 in Armour
  2972 | D:4      | Reached skill level 5 in Shields
  3001 | D:4      | Reached skill level 7 in Axes
  3106 | D:5      | Entered Level 5 of the Dungeon
  3134 | D:5      | Reached XP level 8. HP: 28/72 MP: 7/7
  3140 | D:5      | Found a radiant altar of Vehumet.
  3210 | D:5      | Noticed Duvessa
  3212 | D:5      | Noticed Dowan
  3227 | D:5      | Killed Duvessa
  3253 | D:5      | Killed Dowan
  3570 | D:5      | Reached skill level 8 in Axes
  4043 | D:6      | Noticed a two-headed ogre
  4061 | D:6      | Killed a two-headed ogre
  4061 | D:6      | Reached skill level 9 in Axes
  4061 | D:6      | Gained mutation: You passively map the area around you. [Deep Dwarf growth]
  4061 | D:6      | Reached XP level 9. HP: 38/80 MP: 7/7
  4373 | D:6      | Reached skill level 5 in Fighting
  4392 | D:6      | Found a staircase to the Ecumenical Temple.
  4401 | Temple   | Entered the Ecumenical Temple
  4416 | Temple   | Became a worshipper of Makhleb the Destroyer
  4754 | D:7      | Reached skill level 10 in Axes
  5045 | D:7      | Found a shadowy altar of Dithmenos.
  5057 | D:7      | Reached skill level 5 in Dodging
  5083 | D:7      | Reached * piety under Makhleb
  5303 | D:8      | Reached XP level 10. HP: 43/88 MP: 6/6
  5573 | D:8      | Noticed a gargoyle
  5603 | D:8      | Killed a gargoyle
  5603 | D:8      | Reached skill level 11 in Axes
  5753 | D:8      | Noticed a two-headed ogre
  5766 | D:8      | Killed a two-headed ogre
  5915 | D:8      | Reached ** piety under Makhleb
  6209 | D:9      | Found a staircase to the Orcish Mines.
  6210 | D:9      | Found Riurirr's Antique Armour Shoppe.
  6672 | D:9      | Found a roughly hewn altar of Beogh.
  6870 | D:9      | Noticed a deep elf mage
  6887 | D:9      | Killed a deep elf mage
  6934 | D:10     | Entered Level 10 of the Dungeon
  6944 | D:10     | Reached skill level 12 in Axes
  6950 | D:10     | Reached *** piety under Makhleb
  7002 | D:10     | Reached XP level 11. HP: 47/97 MP: 5/5
  7051 | D:10     | Found a deep blue altar of Sif Muna.
  7643 | D:11     | Reached **** piety under Makhleb
  7676 | D:11     | Noticed a four-headed hydra
  7698 | D:11     | Killed a four-headed hydra
  8032 | D:11     | Found a staircase to the Lair.
  8050 | D:11     | Reached skill level 10 in Shields
  8488 | D:12     | Got a shimmering cloak
  8499 | D:12     | Identified the +2 cloak of the Neverending Seas {rPois rF+} (You found it on level 12 of the Dungeon)
  8507 | D:12     | Found Coicysur's General Store.
  8543 | D:12     | Reached skill level 13 in Axes
  9288 | D:12     | Gained mutation: You have an increased reservoir of magic. (+10% MP) [potion of mutation]
  9288 | D:12     | Gained mutation: You are partially covered in icy blue scales. (AC +2) [potion of mutation]
  9288 | D:12     | Gained mutation: You expend magic power (3 MP) to strengthen your wands. [potion of mutation]
  9288 | D:12     | Gained mutation: You have a pair of small horns on your head. [potion of mutation]
  9315 | D:13     | Noticed a tengu warrior
  9364 | D:12     | Killed a tengu warrior
  9384 | D:13     | Reached XP level 12. HP: 81/109 MP: 7/7
  9586 | D:13     | Noticed a two-headed ogre
  9596 | D:13     | Killed a two-headed ogre
  9659 | D:13     | Noticed a two-headed ogre
  9669 | D:13     | Killed a two-headed ogre
  9783 | D:13     | Reached skill level 14 in Axes
  9821 | D:13     | Cast into level 3 of the Abyss (a wizard)
  9821 | Abyss:3  | Found a corrupted altar of Lugonu.
  9847 | Abyss:3  | Noticed a daeva
  9885 | Abyss:3  | Noticed a starcursed mass
  9886 | D:13     | Escaped the Abyss
  9897 | D:13     | Reached ***** piety under Makhleb
  9935 | D:13     | Found a gate to the Vaults.
  9935 | D:13     | Noticed a vault guard
  9935 | D:13     | Noticed a vault guard
  9950 | D:13     | Killed a vault guard
  9955 | D:13     | Killed a vault guard
 10283 | D:14     | Noticed a centaur warrior
 10299 | D:14     | Killed a centaur warrior
 10306 | D:14     | Reached XP level 13. HP: 81/118 MP: 6/6
 10422 | D:14     | Identified the Almanac of Frigorific Transformation
 10469 | D:14     | Noticed a tengu reaver
 10485 | D:14     | Reached skill level 15 in Axes
 10494 | D:14     | Noticed a fire giant
 10503 | D:14     | Killed from afar by a tengu reaver

Skill      XL: |  1  2  3  4  5  6  7  8  9 10 11 12 13 |
---------------+----------------------------------------+-----
Dodging        | 1 2 3 4 5 6 7 8 |  8.4
Axes           | 3 4 5 7 9 10 12 13 14 15 | 15.0
Fighting       | 3 4 5 6 7 8 |  8.6
Armour         | 4 5 6 7 8 9 |  9.7
Shields        | 4 5 6 7 9 10 11 | 11.9

Action                   |  1- 3 |  4- 6 |  7- 9 | 10-12 | 13-15 || total
-------------------------+-------+-------+-------+-------+-------++-------
Melee: War axe           |   109 |   226 |   497 |   857 |    91 ||  1780
       Mace              |       |       |       |    19 |       ||    19
       Headbutt          |       |       |       |    60 |    18 ||    78
 Abil: Heal Wounds       |       |     4 |    10 |    14 |       ||    28
  Use: Scroll            |     1 |     9 |     9 |    11 |       ||    30
       Potion            |       |     1 |       |     4 |       ||     5
 Stab: Confused          |       |       |       |     1 |       ||     1
  Eat: Chunk             |       |     7 |    11 |    16 |     1 ||    35
       Ration            |       |       |     1 |     1 |       ||     2
Armor: Scale mail        |    69 |    75 |       |       |       ||   144
       Plate armour      |       |    77 |   224 |   555 |    45 ||   901
       Chain mail        |       |    23 |       |       |       ||    23
Dodge: Dodged            |    37 |    79 |    93 |   341 |    44 ||   594
Block: Shield            |    82 |   130 |   255 |   744 |    88 ||  1299
